 Dungeon Crawl Stone Soup version 0.22-a0-609-gfedc9ff (webtiles) character file.

101 Hebeh the Magician (level 4, -3/24 HPs)
             Began as a Deep Elf Fire Elementalist on July 10, 2018.
             Killed from afar by Sigmund (11 damage)
             ... with a puff of flame
             ... on level 3 of the Dungeon.
             The game lasted 00:14:41 (3014 turns).

Hebeh the Magician (Deep Elf Fire Elementalist)     Turns: 3014, Time: 00:14:42

Health: -3/24      AC:  1    Str:  5    XL:     4   Next: 48%
Magic:  12/12      EV: 13    Int: 21    God:
Gold:   59         SH:  0    Dex: 15    Spells: 2/11 levels left

rFire    . . .     SeeInvis .   b - +0 hunting sling
rCold    . . .     Gourm    .   (no shield)
rNeg     . . .     Faith    .   i - +0 robe
rPois    .         Spirit   .   (no helmet)
rElec    .         Reflect  .   k - +0 cloak
rCorr    .         Harm     .   (no gloves)
MR       .....                  (no boots)
Stlth    ++........             (no amulet)
HPRegen  0.08/turn              d - -2 ring of protection (curse)
MPRegen  0.13/turn              (no ring)

@: no status effects
A: no striking features
a: no special abilities


You were on level 3 of the Dungeon.
You were not hungry.

You visited 1 branch of the dungeon, and saw 3 of its levels.

You collected 59 gold pieces.

Inventory:

Hand Weapons
 a - a +3 dagger of speed
 b - a +0 hunting sling (weapon)
Missiles
 e - 91 stones
 n - 3 steel tomahawks
 o - 8 sling bullets (quivered)
Armour
 i - a +0 robe (worn)
 k - a +0 cloak (worn)
Jewellery
 d - a cursed -2 ring of protection (left hand)
Scrolls
 g - a scroll of remove curse {unknown}
 h - 2 scrolls of identify
 p - a scroll of immolation {unknown}
Potions
 f - a potion of invisibility
 l - a potion of lignification {unknown}
 m - a potion of agility
 q - a potion of haste {unknown}
Comestibles
 c - 5 rations
 j - 7 chunks of flesh


   Skills:
 - Level 2.4 Dodging
 - Level 2.4 Stealth
 + Level 4.1 Spellcasting
 * Level 3.4 Conjurations
 + Level 0.6 Translocations
 + Level 4.0 Fire Magic


You had 2 spell levels left.
You knew the following spells:

 Your Spells              Type           Power        Failure   Level  Hunger
a - Flame Tongue          Conj/Fire      ###..        2%          1    None
b - Throw Flame           Conj/Fire      ###...       4%          2    #......
c - Conjure Flame         Conj/Fire      ###.....     8%          3    ###....
d - Gell's Gravitas       Tloc           #.........   28%         3    ###....

Your spell library contained the following spells:

 Spells                   Type           Power        Failure   Level  Hunger
 Fireball                 Conj/Fire      ###.......   58%         5    ######.
 Confuse                  Hex            #.......     34%         3    ###....
 Sticky Flame             Conj/Fire      ###.....     26%         4    ####...
 Confusing Touch          Hex            #.....       12%         1    None
 Metabolic Englaciation   Hex/Ice        #.........   97%         5    ######.
 Petrify                  Tmut/Erth      #.......     75%         4    ####...
 Inner Flame              Hex/Fire       ##......     16%         3    ###....
 Yara's Violent Unravell  Hex/Tmut       #.........   97%         5    ######.


Dungeon Overview and Level Annotations

Branches:
Dungeon (3/15)

Altars:

Annotations:
D:3 Sigmund


Message History

You're too confused to cast spells.
You feel less confused.
Sigmund gestures wildly while chanting.
Sigmund flickers and vanishes!
Deactivating autopickup; reactivate with Ctrl-A.
A puff of flame appears from out of thin air!
The puff of flame hits you!
Something tries to affect you, but you resist.
A puff of flame appears from out of thin air!
The puff of flame hits you!
* * * LOW HITPOINT WARNING * * *
Some of the chunks of flesh in your inventory have rotted away.
A puff of flame appears from out of thin air!
The puff of flame misses you.
Casting: Flame Tongue (safe; 2% risk of failure)
Confirm with . or Enter, or press ? or * to list all spells.
You can't see any susceptible monsters within range! (Use Z to cast anyway.)
A puff of flame appears from out of thin air!
The puff of flame hits you!
You die...

################
#..........@...#
#.############.# #.#
#.##### #. #...{.# #
#.######.# .
#.######.####.#.## #
.............###.####.#.
#.######.####.#.........


There were no monsters in sight!

Vanquished Creatures
  2 adders
  An ooze (D:2)
  2 worms (D:2)
  3 dart slugs
  A leopard gecko (D:2)
  3 orcs (D:3)
  2 ball pythons
  2 giant cockroaches (D:2)
  11 goblins
  4 hobgoblins
  5 jackals
  A quokka (D:2)
  8 bats
  2 frilled lizards (D:2)
  5 kobolds
  5 rats
57 creatures vanquished.

Notes
Turn   | Place    | Note
-------+----------+-------------------------------------------
     0 | D:1      | Hebeh the Deep Elf Fire Elementalist began the quest for the Orb.
     0 | D:1      | Reached XP level 1. HP: 10/10 MP: 6/6
   272 | D:1      | Reached XP level 2. HP: 13/15 MP: 4/8
  1325 | D:2      | Found a faded altar of an unknown god.
  1336 | D:2      | Reached XP level 3. HP: 19/19 MP: 3/10
  2087 | D:2      | Learned a level 2 spell: Throw Flame
  2091 | D:2      | Learned a level 3 spell: Conjure Flame
  2095 | D:2      | Learned a level 3 spell: Gell's Gravitas
  2117 | D:2      | Reached XP level 4. HP: 24/24 MP: 5/11
  2978 | D:3      | Noticed Sigmund
  3014 | D:3      | Killed from afar by Sigmund

Vault maps used:
D:1:      dpeg_arrival_another_circle
D:2:      wad_river_or_something, chequers_ecumenical_altar_simple_redux
D:3:      first_ration, uniq_sigmund, uniq_natasha, uniq_crazy_yiuf_cottage

Skill      XL: |  1  2  3  4 |
---------------+-------------+-----
Conjurations   | 2 3 |  3.4
Spellcasting   | 4 |  4.1
Fire Magic     | 4 |  4.0
Dodging        | |  2.4
Stealth        | |  2.4
Translocations | |  0.6

Action                   |  1- 3 |  4- 6 || total
-------------------------+-------+-------++-------
 Fire: Hunting sling     |    19 |    31 ||    50
Throw: Stone             |    23 |       ||    23
 Cast: Flame Tongue      |    78 |    19 ||    97
       Throw Flame       |       |     2 ||     2
  Use: Scroll            |     5 |       ||     5
  Eat: Chunk             |     3 |     3 ||     6
Armor: Robe              |     6 |       ||     6
Dodge: Dodged            |    26 |     6 ||    32

Table legend:
 A = Spawn XP
 B = Non-spawn XP
 C = Spawn XP percentage of total XP
 D = Spawn monster count
 E = Non-spawn monster count
 F = Spawn count percentage of total count
 G = Total turns spent on level
                    A         B        C        D         E        F      G
               +---------+---------+-------+---------+---------+-------+---------
         Total |       0 |     145 |   0.0 |       0 |      57 |   0.0 |  3014
               +---------+---------+-------+---------+---------+-------+---------
           D:1 |       0 |      37 |   0.0 |       0 |      20 |   0.0 |  1317
           D:2 |       0 |      82 |   0.0 |       0 |      31 |   0.0 |  1412
           D:3 |       0 |      26 |   0.0 |       0 |       6 |   0.0 |   285
               +---------+---------+-------+---------+---------+-------+---------
